 Dungeon Crawl Stone Soup version 0.21-a0-621-gc60411f (webtiles) character file.

164 slep the Slasher (level 5, -11/39 HPs)
             Began as a Demonspawn Gladiator on Dec 24, 2017.
             Mangled by an orc wizard
             ... wielding a +2 dagger of electrocution
              (12 damage)
             ... on level 3 of the Dungeon.
             The game lasted 00:04:44 (1740 turns).

slep the Slasher (Demonspawn Gladiator)             Turns: 1740, Time: 00:04:44

Health: -11/39     AC:  8    Str: 14    XL:     5   Next: 21%
Magic:  5/5        EV: 13    Int: 14    God:
Gold:   119        SH:  0    Dex: 16    Spells: 4/4 levels left

rFire    . . .     SeeInvis .   a - +0 long sword
rCold    . . .     Gourm    .   (no shield)
rNeg     . . .     Faith    .   b - +0 leather armour
rPois    .         Spirit   .   c - +0 helmet
rElec    .         Reflect  .   (no cloak)
rCorr    .         Harm     .   (no gloves)
MR       +....                  (no boots)
Stlth    +.........             (no amulet)
HPRegen  0.13/turn              j - ring of protection from magic
MPRegen  0.09/turn              (no ring)

@: brilliant
A: iridescent scales 2
a: no special abilities


You were on level 3 of the Dungeon.
You were not hungry.

You visited 1 branch of the dungeon, and saw 3 of its levels.

You collected 119 gold pieces.

Inventory:

Hand Weapons
 a - a +0 long sword (weapon)
Missiles
 d - 3 throwing nets (quivered)
 k - 17 sling bullets
Armour
 b - a +0 leather armour (worn)
 c - a +0 helmet (worn)
Jewellery
 j - a ring of protection from magic (left hand)
Scrolls
 g - 2 scrolls of teleportation {unknown}
 h - 3 scrolls of remove curse {unknown}
 i - 2 scrolls of fog {unknown}
 l - a scroll of identify {unknown}
 m - a scroll of random uselessness {unknown}
 p - a scroll of amnesia {unknown}
 q - a scroll of immolation {unknown}
Potions
 n - a potion of curing {unknown}
 o - a potion of might {unknown}
Comestibles
 f - 4 rations
 r - 2 chunks of flesh


   Skills:
 + Level 2.6 Fighting
 + Level 4.2 Long Blades
 + Level 1.9 Throwing
 + Level 1.0 Armour
 + Level 3.5 Dodging
 + Level 0.3 Stealth


You had 4 spell levels left.
You didn't know any spells.

Dungeon Overview and Level Annotations

Branches:
Dungeon (3/15)

Altars:
Qazlal
Ru


Innate Abilities, Weirdness & Mutations

You are mostly covered in iridescent scales. (AC +4)


Message History

You slash the gnoll!
You kill the gnoll!
You closely miss something. Something hits you but does no damage.
You are electrocuted!
Something barely misses you.
You miss something. Something hits you. Something hits you but does no damage.
You are electrocuted!
* * * LOW HITPOINT WARNING * * *
You closely miss something. Something hits you but does no damage.
You miss something. Something hits you.
* * * LOW HITPOINT WARNING * * *
You slash something!
Something hits you but does no damage. x2
You barely miss something. Something barely misses you.
You hear some strange, mumbled words.
A puff of frost appears from out of thin air!
The puff of frost hits you!
* * * LOW HITPOINT WARNING * * *
It was a potion of brilliance.
You feel clever all of a sudden. Something hits you but does no damage.
You are electrocuted!
You die...

#. #. #. #. #. #.
#####.###
#.o...).############
.......#.og{@.......#
.#.###.#.##########.#
....# #.# .....# #.#
##....# ###.# ##.#.#
#...# ....# #.###
##.### #.# #.#


You could see a gnoll and an orc.

Vanquished Creatures
  A centaur (D:3)
  2 gnolls (D:3)
  An ooze (D:1)
  A worm (D:2)
  A dart slug (D:1)
  3 leopard geckos
  2 orcs (D:3)
  7 bats
  3 giant cockroaches
  5 goblins
  6 hobgoblins
  6 jackals
  A ball python (D:2)
  3 frilled lizards
  3 kobolds
  5 rats
50 creatures vanquished.

Notes
Turn   | Place    | Note
-------+----------+-------------------------------------------
     0 | D:1      | slep the Demonspawn Gladiator began the quest for the Orb.
     0 | D:1      | Reached XP level 1. HP: 16/16 MP: 1/1
   172 | D:1      | Gained mutation: You are partially covered in iridescent scales. (AC +2) [demonic ancestry]
   172 | D:1      | Reached XP level 2. HP: 18/22 MP: 2/2
   373 | D:1      | Reached skill level 3 in Long Blades
   630 | D:2      | Reached XP level 3. HP: 26/27 MP: 3/3
   907 | D:2      | Found a sacrificial altar of Ru.
  1123 | D:3      | Found a stormy altar of Qazlal.
  1128 | D:3      | Noticed an earth elemental
  1129 | D:3      | Noticed a fire elemental
  1129 | D:3      | Noticed a water elemental
  1129 | D:3      | Noticed an air elemental
  1214 | D:3      | Noticed a centaur
  1220 | D:3      | HP: 1/28 [centaur (2)]
  1225 | D:3      | Killed a centaur
  1225 | D:3      | Reached skill level 4 in Long Blades
  1225 | D:3      | Reached skill level 1 in Armour
  1225 | D:3      | Gained mutation: You are mostly covered in iridescent scales. (AC +4) [demonic ancestry]
  1225 | D:3      | Reached XP level 4. HP: 2/34 MP: 4/4
  1671 | D:3      | Reached XP level 5. HP: 36/39 MP: 5/5
  1739 | D:3      | HP: 1/39 [something/puff of frost (2)]
  1740 | D:3      | Mangled by an orc wizard

Vault maps used:
D:1:      nagdon_arrival_zigzag_paths, grunt_decor_arrowhead
D:2:      wad_pebble_path, hangedman_ru_absence
D:3:      nicolae_qazlal_style_of_elements, minivault_4

Skill      XL: |  1  2  3 |
---------------+----------+-----
Dodging        | 3 |  3.5
Long Blades    | 3 4 |  4.2
Armour         | 1 |  1.0
Fighting       | |  2.6
Throwing       | |  1.9
Stealth        | |  0.3

Action                   |  1- 3 |  4- 6 || total
-------------------------+-------+-------++-------
Melee: Long sword        |   122 |    36 ||   158
  Use: Potion            |       |     1 ||     1
  Eat: Chunk             |     1 |     2 ||     3
Armor: Leather armour    |    58 |    16 ||    74
Dodge: Dodged            |    97 |    25 ||   122
       Rpst.: Long sword |    29 |     6 ||    35

Table legend:
 A = Spawn XP
 B = Non-spawn XP
 C = Spawn XP percentage of total XP
 D = Spawn monster count
 E = Non-spawn monster count
 F = Spawn count percentage of total count
 G = Total turns spent on level
                    A         B        C        D         E        F      G
               +---------+---------+-------+---------+---------+-------+---------
         Total |       0 |     235 |   0.0 |       0 |      50 |   0.0 |  1740
               +---------+---------+-------+---------+---------+-------+---------
           D:1 |       0 |      40 |   0.0 |       0 |      19 |   0.0 |   627
           D:2 |       0 |      28 |   0.0 |       0 |      15 |   0.0 |   425
           D:3 |       0 |     167 |   0.0 |       0 |      16 |   0.0 |   688
               +---------+---------+-------+---------+---------+-------+---------
